AoeStats
← Armitte

Arena

504991750Analyzed
1v1 RM · 24d ago on Sep 7, 2026· 39m 17s· 2 players
Game mode
Random Map
Map size
Tiny (2 player)
Population
200
Speed
Normal
Resources
Standard
Victory
Conquest
Starting age
Dark Age
Ending age
Imperial Age
RankedLock teamsTeams togetherTeam positionsShared explorationLock speedFull tech treeHidden civsTurbo modeCheats
Victory
Defeat
🇩🇪 Koreans · Germany
1391
+14
🇹🇷 Teutons · Türkiye
1346
-14
S_
7:42 Loom
10:23 Feudal Age
14:48 Castle Age
13:16 Double-Bit Axe
13:44 Horse Collar
16:11 Bow Saw
18:07 Fervor
18:11 Loom
32:24 Imperial Age
30:47 Wheelbarrow
30:49 Fletching
31:00 Padded Archer Armor
31:13 Gold Mining
31:42 Heavy Plow
31:57 Bodkin Arrow
31:44 Elite Skirmisher
33:06 Padded Archer Armor
36:44 Chemistry
36:06 Ballistics
36:54 Leather Archer Armor
37:23 Masonry
Armitte
10:57 Feudal Age
14:48 Castle Age
12:53 Double-Bit Axe
13:08 Horse Collar
14:35 Loom
15:50 Bow Saw
18:46 Fletching
21:14 Heavy Plow
21:16 Bodkin Arrow
30:19 Imperial Age
29:07 Crossbowman
30:32 Thumb Ring
30:31 Gold Mining
30:25 Arbalester
33:28 Two-Man Saw
36:43 Bracer
37:31 Ballistics
Connection lost

Rejoining the realm…

Still unreachable

The connection could not be restored.

Session expired

The server has moved on; the page needs a fresh start.